 Dungeon Crawl Stone Soup version 0.24-a0-181-gd121a6d (webtiles) character file.

Game seed: 5589668689587254393

65 Ijustatesigmund the Magician (level 4, -6/29 HPs)
             Began as an Octopode Wizard on Mar 14, 2019.
             Mangled by a worm (8 damage)
             ... on level 2 of the Dungeon.
             The game lasted 00:04:44 (3684 turns).

Ijustatesigmund the Magician (Octopode Wizard)      Turns: 3684, Time: 00:04:45

Health: -6/29      AC:  1    Str:  6    XL:     4   Next: 14%
Magic:  1/8        EV: 13    Int: 20    God:
Gold:   72         SH:  0    Dex: 11    Spells: 3/9 levels left

rFire    . . .     SeeInvis .   d - +0 short sword
rCold    . . .     Gourm    .   (no shield)
rNeg     . . .     Faith    .   a - +0 hat
rPois    .         Spirit   .   (no amulet)
rElec    .         Reflect  .   (no ring)
rCorr    .         Harm     .   (no ring)
MR       .....                  (no ring)
Stlth    +++.......             (no ring)
HPRegen  0.09/turn              (no ring)
MPRegen  0.11/turn              (no ring)
                                (no ring)
                                (no ring)

@: no status effects
A: almost no armour, stealthy swim, amphibious, 8 rings, constrict 8, camouflage
1, gelatinous body 1
a: no special abilities


You were on level 2 of the Dungeon.
You were very hungry.

You visited 1 branch of the dungeon, and saw 2 of its levels.

You collected 72 gold pieces.

Inventory:

Hand Weapons
 d - a +0 short sword (weapon)
Armour
 a - a +0 hat (worn)
Scrolls
 b - a scroll of identify {unknown}
Potions
 e - a potion of heal wounds {unknown}
 h - a potion of flight {unknown}
Comestibles
 c - 2 rations


   Skills:
 + Level 2.1 Fighting
 - Level 2.0 Dodging
 - Level 2.9 Stealth
 - Level 3.0 Spellcasting
 + Level 2.4 Conjurations
   Level 1.0 Summonings
 + Level 1.7 Translocations


You had 3 spell levels left.
You knew the following spells:

 Your Spells              Type           Power        Failure   Level  Hunger
a - Magic Dart            Conj           ##..         5%          1    None
b - Blink                 Tloc           N/A          11%         2    ##.....
c - Conjure Flame         Conj/Fire      #.......     26%         3    ###....

Your spell library contained the following spells:

 Spells                   Type           Power        Failure   Level  Hunger
 Call Imp                 Summ           #.......     14%         2    ##.....
 Slow                     Hex            #.......     22%         2    ##.....
 Mephitic Cloud           Conj/Pois/Air  #.......     30%         3    ###....


Dungeon Overview and Level Annotations

Branches:
Dungeon (2/15)

Altars:
Nemelex Xobeh


Innate Abilities, Weirdness & Mutations

You cannot wear most types of armour.
You are very stealthy in the water. (Stealth+)
You are amphibious.
You can wear up to eight rings at the same time.
You can use your tentacles to constrict eight enemies at once.
Your skin changes colour to match your surroundings (Stealth+).
Your rubbery body absorbs attacks. (AC +1, EV +1)


Message History

The magic dart hits the worm.
The worm is heavily wounded.
The worm bites you!
* * * LOW HITPOINT WARNING * * *
Casting: Magic Dart (safe; 5% risk of failure)
Confirm with . or Enter, or press ? or * to list all spells.
Aiming: Magic Dart (safe; 5% risk of failure)
Press: ? - help, Shift-Dir - straight line, f/p - worm
Aim: a worm (heavily wounded)
The magic dart hits the worm.
The worm is severely wounded.
Casting: Magic Dart (safe; 5% risk of failure)
Confirm with . or Enter, or press ? or * to list all spells.
Aiming: Magic Dart (safe; 5% risk of failure)
Press: ? - help, Shift-Dir - straight line, f/p - worm
Aim: a worm (severely wounded)
The magic dart hits the worm.
The worm is severely wounded.
The worm bites you!
You die...

*,,,,#...
##########
*,,,,#.##
#........#
*,,,,#.#
##........#
*#+###.#
#.....?...#
#.....##
#.........#
#####...
#.....)...#
#.....
*,**+#w#***
#.....
*,**,#@######
#....#
*,,,,#......#
#....#
*****######.#
#....#
########.###
#....#
#..........#
#....#
#..........#
#....#
#..........#
#.....
####..........#
####..
#.............#
##..


You could see a worm.

Vanquished Creatures
  2 oozes (D:2)
  4 worms (D:2)
  3 dart slugs
  3 giant cockroaches
  A goblin (D:1)
  8 hobgoblins (D:1)
  A jackal (D:1)
  5 bats
  4 frilled lizards
  4 kobolds
  5 rats
40 creatures vanquished.

Vanquished Creatures (others)
  4 toadstools (D:1)
4 creatures vanquished.

Grand Total: 44 creatures vanquished

Notes
Turn   | Place    | Note
-------+----------+-------------------------------------------
     0 | D:1      | Ijustatesigmund the Octopode Wizard began the quest for the
                  | Orb.
     0 | D:1      | Reached XP level 1. HP: 11/11 MP: 4/4
   330 | D:1      | Reached XP level 2. HP: 18/18 MP: 4/6
   334 | D:1      | Learned a level 2 spell: Blink
   646 | D:1      | Reached skill level 1 in Fighting
  1601 | D:1      | Reached XP level 3. HP: 23/23 MP: 7/7
  1606 | D:1      | Learned a level 3 spell: Conjure Flame
  2558 | D:2      | Found a sparkling altar of Nemelex Xobeh.
  3109 | D:2      | Reached XP level 4. HP: 20/29 MP: 1/8
  3684 | D:2      | Mangled by a worm

Levels and vault maps discovered:
D:1:      ldierk_water_garden, layout_basic
D:2:      layout_basic, nemelex_xobeh_ov_fountains_minmay, first_ration

Skill      XL: |  1  2  3 |
---------------+----------+-----
Fighting       | 1 2 |  2.1
Conjurations   | 2 |  2.4
Dodging        | |  2.0
Stealth        | |  2.9
Spellcasting   | |  3.0
Summonings     | |  1.0
Translocations | |  1.7

Action                   |  1- 3 |  4- 6 || total
-------------------------+-------+-------++-------
Melee: Dagger            |    31 |       ||    31
       Constrict         |    11 |     2 ||    13
       Tentacles         |     5 |     1 ||     6
       Short sword       |    37 |     4 ||    41
 Cast: Magic Dart        |    64 |    12 ||    76
  Use: Scroll            |     5 |       ||     5
 Stab: Sleeping          |     5 |       ||     5
  Eat: Chunk             |     6 |     1 ||     7
Armor: Skin              |     2 |       ||     2
Dodge: Dodged            |    39 |     3 ||    42

Table legend:
 A = Non-vault XP
 B = Vault XP
 C = Vault XP percentage of total XP
 D = Non-vault monster count
 E = Vault monster count
 F = Vault count percentage of total count
                 A         B        C        D         E       F
            +---------+---------+-------+---------+---------+-------
      Total |      94 |       0 |   0.0 |      40 |       0 |   0.0
            +---------+---------+-------+---------+---------+-------
        D:1 |      43 |       0 |   0.0 |      23 |       0 |   0.0
        D:2 |      51 |       0 |   0.0 |      17 |       0 |   0.0
            +---------+---------+-------+---------+---------+-------
